 Dungeon Crawl Stone Soup version 0.18.1-50-g88ac8fd (webtiles) character file.

21 wutend the Stinger (level 2, -1/26 HPs)
             Began as a Naga Venom Mage on June 29, 2019.
             Slain by an adder (2 damage)
             ... on level 1 of the Dungeon.
             The game lasted 00:08:46 (1512 turns).

wutend the Stinger (Naga Venom Mage)                Turns: 1512, Time: 00:08:47

Health: -1/26      AC:  1    Str: 10    XL:     2   Next: 87%
Magic:  4/5        EV: 10    Int: 15    God:
Gold:   34         SH:  0    Dex: 11    Spells: 1 memorised, 4 levels left

rFire  . . .     SeeInvis +     d - +0 short sword
rCold  . . .     Gourm    .     a - +0 robe
rNeg   . . .     Faith    .     (no shield)
rPois  +         Spirit   .     (no helmet)
rElec  .         Dismiss  .     (no cloak)
rCorr  .         Reflect  .     (no gloves)
SustAt .         Harm     .     (no barding)
MR     .....                    (no amulet)
Stlth  ++........               (no ring)
                                (no ring)

@: lethally poisoned (-1 -> -6), very slow, not resistant to hostile
enchantments, unstealthy
A: see invisible, deformed body, poison resistance, slowness 2, slow metabolism
1, spit poison 2, AC +0
a: Spit Poison


You were on level 1 of the Dungeon.
You were not hungry.

You visited 1 branch of the dungeon, and saw 2 of its levels.

You collected 34 gold pieces.

Inventory:

Hand Weapons
 d - a +0 short sword (weapon)
Armour
 a - a +0 robe (worn)
Scrolls
 e - a scroll of enchant weapon {unknown}
 f - a scroll of identify {unknown}
 h - a scroll of fear {unknown}
 i - a scroll of recharging {unknown}
Potions
 g - a potion of might {unknown}
Books
 b - a Young Poisoner's Handbook

   Spells                             Type                      Level
   a - Sting                          Conjuration/Poison           1
   b - Cure Poison                    Poison                       2
   c - Mephitic Cloud                 Conjuration/Poison/Air       3
   d - Olgreb's Toxic Radiance        Poison                       4
   e - Venom Bolt                     Conjuration/Poison           5
Comestibles
 c - 2 bread rations
 j - a meat ration
 k - a chunk of flesh


   Skills:
 - Level 2.0 Fighting
 - Level 1.5 Dodging
 - Level 3.0 Stealth
 - Level 2.0 Spellcasting
 + Level 1.0 Conjurations
 - Level 5.3 Poison Magic


You had 4 spell levels left.
You knew the following spells:

 Your Spells              Type           Power        Failure   Level  Hunger
a - Sting                 Conj/Pois      ##..         8%          1    #......


Dungeon Overview and Level Annotations

Branches:
Dungeon (2/15)

Altars:


Innate Abilities, Weirdness & Mutations

You cannot wear boots.
Your serpentine skin is tough (AC +0).
You have supernaturally acute eyesight.
Armour fits poorly on your strangely shaped body.
Your system is resistant to poisons.
You cover ground very slowly.
You have a slow metabolism.
You can spit poison.


Message History

The adder poisons you! The adder bites you.
You take 3 damage, and have 12/26 hp.
Casting: Sting
Confirm with . or Enter, or press ? or * to list all spells.
Aiming: Sting
Press: ? - help, Shift-Dir - straight line, f - adder
Aim: an adder (lightly wounded)
The sting hits the adder.
The adder is moderately wounded.
You feel sick. The adder closely misses you.
You take 1 damage, and have 11/26 hp.
You now have 4/5 mp.
You feel sick. The adder bites you.
* * * LOW HITPOINT WARNING * * *
The adder bites you.
* * * LOW HITPOINT WARNING * * *
You take 9 damage, and have 2/26 hp.
MASSIVE DAMAGE!!
* * * LOW HITPOINT WARNING * * *
You feel sick. The adder bites you.
You die...

#.......# #.... ##.....## #....
#.....# ######....
##############.....#####....#....
.............'.....+...'....'....
##.#########.#.....#####....###.#
#.# #.......#.#................#
#.# #.......#.#...##########....
#.# #.........#@..# #.... #[#
######....#S..##########.... #.#
#....#>...........รท....
#.#########'#.#.################
#.##.......................## #.
#.##.......##.#.#########...###.
#.##........................'...
#.########.#.......#####....###.
#.# #.#.......# #.........


You could see an adder.

Vanquished Creatures
  2 dart slugs (D:1)
  A bat (D:1)
  3 goblins (D:1)
  2 hobgoblins (D:1)
  3 jackals (D:1)
  A giant newt (D:1)
  A kobold (D:1)
  3 rats (D:1)
16 creatures vanquished.

Notes
Turn   | Place    | Note
--------------------------------------------------------------
     0 | D:1      | wutend the Naga Venom Mage began the quest for the Orb.
     0 | D:1      | Reached XP level 1. HP: 15/15 MP: 3/3
   160 | D:1      | Reached skill level 1 in Fighting
   466 | D:1      | Reached XP level 2. HP: 25/25 MP: 5/5
  1409 | D:1      | Reached skill level 1 in Conjurations
  1504 | D:2      | meem: I am meem, an upgrade of beem built by MalcolmRose (check out Malcolm's DCSS vids and other projects at http://youtube.com/malcolmrosegaming). To have me follow you in your games, type !subscribemeem - to make me go away forever, type !quitmeem - For help, type: !meem
  1512 | D:1      | HP: 1/26 [poisoned by an adder]
  1512 | D:1      | Slain by an adder

Skill      XL: |  1  2 |
---------------+-------+-----
Fighting       | 1 2 |  2.0
Conjurations   | 1 |  1.0
Dodging        | |  1.5
Stealth        | |  3.0
Spellcasting   | |  2.0
Poison Magic   | |  5.3

Action                   || total
-------------------------++-------
Melee: Short sword       ||    31
 Cast: Sting             ||    24
 Stab: Sleeping          ||     2
  Eat: Chunk             ||     1
Armor: Robe              ||     4
Dodge: Dodged            ||    29
